 Dungeon Sprint DCSS version 0.30-a0-715-gdb4ae3ece1 (webtiles) character file.

Game seed: 8314598880725814275

1883 mhtbhm the Swashbuckler (level 9, -6/102 HPs)
             Began as a Kobold Berserker on Jan 24, 2023.
             Was a High Priest of Trog.
             Mangled by an earth elemental (31 damage)
             ... in the Dungeon (Sprint III: "The Ten Rune Challenge").
             The game lasted 00:02:06 (1211 turns).

mhtbhm the Swashbuckler (Kobold Berserker)          Turns: 1211, Time: 00:02:06

Health: -6/102     AC: 12    Str: 18    XL:     9   Next: 36%
Magic:  9/9        EV: 19    Int:  9    God:    Trog [*****.]
Gold:   34         SH:  0    Dex: 14    Spells: 8/8 levels left

rFire   . . .      SeeInvis .    a - +0 dagger (protect)
rCold   . . .      Faith    .    (no shield)
rNeg    . . .      Spirit   .    b - +0 animal skin
rPois   .          Reflect  .    q - +1 helmet
rElec   .          Harm     .    i - +0 cloak
rCorr   .          Rampage  .    (no gloves)
Will    .....      NoTele   +    (no boots) Stlth
                                 (no amulet)
HPRegen 0.37/turn                (no ring)
MPRegen 0.11/turn                (no ring)

@: berserking (expiring), under a protective aura, very quick
A: small, no large weapons, nightstalker 3
a: Renounce Religion, Berserk, Trog's Hand, Brothers in Arms


You were in the Dungeon.
You worshipped Trog.
Trog was extremely pleased with you.
You visited 1 branch You collected 34 gold pieces.

Inventory:

Hand Weapons
 a - a +0 dagger of protection (weapon)
Armour
 b - a +0 animal skin (worn)
 i - a +0 cloak (worn)
 q - a +1 helmet (worn)
Wands
 p - a wand of polymorph (2)
Scrolls
 h - a scroll of blinking
 j - a scroll of torment {unknown}
 k - 3 scrolls of identify
 n - 3 scrolls of poison {unknown}
Potions
 c - 3 potions of curing
 d - a potion of heal wounds
 e - a potion of haste
 f - 2 potions of magic
 g - a potion of berserk rage
 l - 2 potions of attraction {unknown}
 m - 2 potions of flight {unknown}
 o - 4 potions of mutation
Miscellaneous
 r - a condenser vane


   Skills:
 + Level 13.4 Fighting
 + Level 15.3 Short Blades
 + Level 4.6 Armour
 + Level 9.6 Dodging
 + Level 9.1 Stealth


You had 8 spell levels left.
You didn't know any spells.
Your spell library was empty.

Dungeon Overview and Level Annotations

Branches:
Dungeon (1/1)

Altars:
Cheibriados
Dithmenos
Elyvilon
Fedhas
Gozag
Hepliaklqana
Kikubaaqudgha
Makhleb
Nemelex Xobeh
Okawaru
Qazlal
Ru
Sif Muna
Trog
Uskayaw
Vehumet
Wu Jian
Xom
Yredelemnul
Zin
The Shining One
Jiyva
Lugonu


Innate Abilities, Weirdness & Mutations

You are small and have problems with some larger weapons.
You are completely attuned to the shadows.


Message History

You hit the earth elemental but do no damage.
The earth elemental is moderately damaged.
You hit the earth elemental.
The earth elemental is moderately damaged.
You hit the earth elemental but do no damage.
The earth elemental is moderately damaged.
The earth elemental hits you.
You hit the earth elemental but do no damage.
The earth elemental is moderately damaged.
You completely miss the earth elemental.
The earth elemental is moderately damaged.
You hit the earth elemental but do no damage.
The earth elemental is moderately damaged.
You hit the earth elemental but do no damage.
The earth elemental is moderately damaged.
You hit the earth elemental but do no damage.
The earth elemental is moderately damaged.
The earth elemental barely misses you.
You hit the earth elemental.
The earth elemental is moderately damaged.
You hit the earth elemental but do no damage.
The earth elemental is moderately damaged.
You completely miss the earth elemental.
The earth elemental is moderately damaged.
You hit the earth elemental but do no damage.
The earth elemental is moderately damaged.
You hit the earth elemental but do no damage.
The earth elemental is moderately damaged.
The earth elemental hits you!
* * * LOW HITPOINT WARNING * * *
You hit the earth elemental but do no damage.
The earth elemental is moderately damaged.
You puncture the earth elemental!
The earth elemental is heavily damaged.
You barely miss the earth elemental.
The earth elemental is heavily damaged.
You hit the earth elemental but do no damage.
The earth elemental is heavily damaged.
The earth elemental hits you!!
You die...

__#___#__#
..#__)#)_#
#'#'###†##
..)......#
⌠........#
..######'#
⌠.#__#...#+#######
..#__#...#..~~~'.#
###__#...#.#~§~#@#
::#__#...'.#§§.#E#
__#__'...#.#§§§#..
▓▓▓▓▓▓▓▓▓▓▓▓▓▓▓▓▓▓▓


You could see an earth elemental.

Vanquished Creatures
  Josephine (D)
  A deep elf pyromancer (D)
  A shadow (D)
  A spatial vortex (D)
  A necrophage (D)
  A water elemental (D)
  A jelly (D)
  A wizard (D)
  Crazy Yiuf (D)
  A necromancer (D)
  A kobold demonologist (D)
  3 humans (D)
  An endoplasm (D)
  3 rats (D)
18 creatures vanquished.

Notes
Turn   | Place    | Note
-------+----------+-------------------------------------------
     0 | D        | mhtbhm the Kobold Berserker began the quest for the Orb.
     0 | D        | Reached XP level 1. HP: 14/14 MP: 1/1
    86 | D        | Reached ** piety under Trog
   107 | D        | Noticed Crazy Yiuf
   113 | D        | Killed Crazy Yiuf
   114 | D        | Reached skill level 5 in Fighting
   114 | D        | Reached skill level 6 in Short Blades
   114 | D        | Reached XP level 2. HP: 11/21 MP: 2/2
   114 | D        | Reached XP level 3. HP: 13/26 MP: 3/3
   444 | D        | Noticed a water elemental
   450 | D        | Killed a water elemental
   450 | D        | Reached *** piety under Trog
   451 | D        | Reached skill level 8 in Short Blades
   451 | D        | Reached skill level 1 in Stealth
   451 | D        | Reached XP level 4. HP: 28/34 MP: 4/4
   451 | D        | Reached XP level 5. HP: 31/38 MP: 5/5
   533 | D        | Found a radiant altar of Vehumet.
   534 | D        | Found a shimmering blue altar of Sif Muna.
   534 | D        | Found an ancient bone altar of Kikubaaqudgha.
   546 | D        | Reached skill level 9 in Short Blades
   593 | D        | Found a glowing silver altar of Zin.
   594 | D        | Found a glowing golden altar of the Shining One.
   594 | D        | Found a white marble altar of Elyvilon.
   594 | D        | Noticed a deep elf pyromancer
   601 | D        | Killed a deep elf pyromancer
   601 | D        | Reached **** piety under Trog
   602 | D        | Reached skill level 12 in Short Blades
   602 | D        | Reached skill level 5 in Stealth
   602 | D        | Reached XP level 6. HP: 49/49 MP: 6/6
   602 | D        | Reached XP level 7. HP: 54/54 MP: 7/7
   746 | D        | Found a basalt altar of Yredelemnul.
   746 | D        | Found a shadowy altar of Dithmenos.
   746 | D        | Found a sacrificial altar of Ru.
   792 | D        | Found a hide-covered altar of Uskayaw.
   792 | D        | Found an iron altar of Okawaru.
   793 | D        | Found a bloodstained altar of Trog.
   793 | D        | Found an ornate altar of the Wu Jian Council.
   793 | D        | Noticed a human
   793 | D        | Noticed a human
   801 | D        | Killed a human
   802 | D        | Reached skill level 13 in Short Blades
   802 | D        | Reached XP level 8. HP: 60/60 MP: 8/8
   815 | D        | Killed a human
   815 | D        | Reached ***** piety under Trog
   866 | D        | Noticed a shadow
   868 | D        | Killed a shadow
   869 | D        | Reached skill level 14 in Short Blades
   874 | D        | Found a blossoming altar of Fedhas.
   874 | D        | Found a stormy altar of Qazlal.
   875 | D        | Found a snail-covered altar of Cheibriados.
   875 | D        | Found a burning altar of Makhleb.
   875 | D        | Found a hazy altar of Hepliaklqana.
   875 | D        | Found a shimmering altar of Xom.
   875 | D        | Found an opulent altar of Gozag.
   875 | D        | Found a sparkling altar of Nemelex Xobeh.
   875 | D        | Found a corrupted altar of Lugonu.
   875 | D        | Found a viscous altar of Jiyva.
  1074 | D        | Noticed Josephine
  1076 | D        | Killed Josephine
  1077 | D        | Reached skill level 15 in Short Blades
  1077 | D        | Reached XP level 9. HP: 68/68 MP: 9/9
  1211 | D        | Mangled by an earth elemental

Illustrated notes

Levels and vault maps discovered:
D:        dungeon_sprint_mu [sprint_mu_entry_cave, sprint_mu_temple_rooms,
          sprint_mu_d1_horrors, sprint_mu_d2_genie, sprint_mu_d3_branching,
          sprint_mu_orc_legion, sprint_mu_elf_gauntlet, sprint_mu_hive_nellie,
          sprint_mu_lair_fedhas, sprint_mu_vaults_butterflies,
          sprint_mu_slime_circle, sprint_mu_swamp_cave, sprint_mu_shoals_kraken,
          sprint_mu_blade_basic, sprint_mu_crypt_lich, sprint_mu_tomb_spiral,
          sprint_mu_vestibule_basic, sprint_mu_gehenna_hellfire,
          sprint_mu_dis_giant, sprint_mu_tartarus_statrot,
          sprint_mu_cocytus_islands, sprint_mu_zot1]

Skill      XL: |  1  2  3  4  5  6  7  8 |
---------------+-------------------------+-----
Fighting       | 5 7 11 13 | 13.4
Short Blades   | 6 8 12 13 15 | 15.3
Armour         | 2 3 4 |  4.6
Dodging        | 3 4 7 9 |  9.6
Stealth        | 1 5 6 9 |  9.1

Action                     |  1- 3 |  4- 6 |  7- 9 || total
---------------------------+-------+-------+-------++-------
  Melee: Short sword       |    43 |    10 |       ||    53
         Punch             |     3 |       |     2 ||     5
         Dagger            |       |     4 |   102 ||   106
 Invoke: Berserk           |     2 |     2 |     3 ||     7
   Stab: Sleeping          |     1 |     1 |     3 ||     5
 Armour: Animal skin       |     1 |     1 |     3 ||     5
  Dodge: Dodged            |    16 |     5 |    20 ||    41

Table legend: (Time is in decaauts)
 A = Elapsed time spent in this place.
 B = Non-inter-level travel time spent in this place.
 C = Inter-level travel time spent in this place.
 D = Time resting spent in this place.
 E = Time spent auto-exploring this place.
 F = Levels seen in this place.
 G = Mean time per level.
                   A        B        C        D        E       F      G
               +--------+--------+--------+--------+--------+-----+--------+
         Total |   1194 |   1194 |      0 |    864 |     33 |   1 | 1194.0 |
       Dungeon |   1194 |   1194 |      0 |    864 |     33 |   1 | 1194.0 |
               +--------+--------+--------+--------+--------+-----+--------+

Top non-repeatable levels by time:
       D: 1194 daAuts
